 Dungeon Crawl Stone Soup version 0.18.1-8-gdd0e5ea (webtiles) character file.

73643 matakusis the Imperceptible (level 15, -14/90 HPs)
             Began as a Vampire Enchanter on June 4, 2016.
             Was the Champion of Dithmenos.
             Demolished by an azure jelly (17 damage)
             ... on level 2 of the Pits of Slime on June 5, 2016.
             The game lasted 02:59:08 (27693 turns).

matakusis the Imperceptible (Vampire Enchanter)    Turns: 27693, Time: 02:59:15

Health: -14/90     AC: 12    Str: 10      XL:     15   Next: 4%
Magic:  11/29      EV: 27    Int: 19 (22) God:    Dithmenos [******]
Gold:   1101       SH: 10    Dex: 38 (40) Spells: 9 memorised, 2 levels left

rFire  + + .     SeeInvis +     j - +6 dagger "Ebroly" {venom, *Rage rElec rF+ Str+4}
rCold  + . .     Gourm    .     n - +1 robe of Noon {+Blink rF+}
rNeg   + . .     Faith    .     l - +1 buckler
rPois  .         Spirit   .     C - +1 helmet of Resilience {MR+ Str-3 Int+3 Dex+6}
rElec  +         Dismiss  .     t - +2 cloak
rCorr  .         Reflect  .     v - +2 pair of gloves {Dex+3}
SustAt .         Harm     .     L - +0 pair of boots
MR     ++...     Clarity  +     X - amulet of regeneration
Stlth  ++++++++++               M - ring "Bolul" {rC+ rN+ Dex+5}
                                g - ring of stealth

@: very slightly contaminated, regenerating quickly, wreathed by umbra,
invisible, very resistant to hostile enchantments, uncannily stealthy
A: fangs 3, hooves 1, thin skeletal structure 1, camouflage 1, see invisible,
agile 2, clarity, deterioration 2, strong 1, unbreathing, evolution 1
a: Shadow Step, Shadow Form, Renounce Religion, Evoke Blink


You were on level 2 of the Pits of Slime.
You worshipped Dithmenos.
Dithmenos was exalted by your worship.
You were full.

You visited 6 branches of the dungeon, and saw 25 of its levels.
You also visited: Sewer.

You collected 2496 gold pieces.
You spent 1395 gold pieces at shops.

Inventory:

Hand Weapons
 j - the +6 dagger "Ebroly" (weapon) {venom, *Rage rElec rF+ Str+4}
   (You found it on level 4 of the Dungeon)

   It poisons the flesh of those it strikes.
   It affects your strength (+4).
   It protects you from fire.
   It insulates you from electricity.
   It may make you go berserk in combat.
 K - the +1 short sword of Negheqix {pierce, *Drain Str+2 Dex+6}
   (You found it on level 10 of the Dungeon)

   It inflicts extra damage upon your enemies.
   It affects your strength (+2).
   It affects your dexterity (+6).
   It causes draining when unequipped.
Missiles
 r - 5 throwing nets (quivered)
Armour
 l - a +1 buckler (worn)
 n - the +1 robe of Noon (worn) {+Blink rF+}
   (You found it on level 8 of the Dungeon)

   It protects you from fire.
   It lets you blink.
 t - a +2 cloak (worn)
 v - a +2 pair of gloves of dexterity (worn)
 C - the +1 helmet of Resilience (worn) {MR+ Str-3 Int+3 Dex+6}
   (You found it on level 6 of the Dungeon)

   It affects your strength (-3).
   It affects your intelligence (+3).
   It affects your dexterity (+6).
   It affects your resistance to hostile enchantments.
 L - a +0 pair of boots (worn)
Jewellery
 g - a ring of stealth (left hand)
 A - an uncursed ring of protection from magic
 M - the ring "Bolul" (right hand) {rC+ rN+ Dex+5}
   (You found it on level 11 of the Dungeon)

   [ring of positive energy]

   It affects your dexterity (+5).
   It protects you from cold.
   It protects you from negative energy.
 V - an uncursed ring of protection from fire
 X - an amulet of regeneration (around neck)
 Y - an uncursed ring of protection from fire
Wands
 b - a wand of teleportation (2/9)
 e - a wand of paralysis (10/24)
 k - a wand of lightning (8/15)
 y - a wand of teleportation (4/9)
 N - a wand of digging (9/24)
 O - a wand of confusion (22/48)
 U - a wand of acid (3/15)
Scrolls
 h - 4 scrolls of magic mapping
 m - 5 scrolls of enchant weapon
 p - 6 scrolls of blinking
 s - 3 scrolls of fear
 u - 3 scrolls of fog
 z - 2 scrolls of enchant armour
 P - 4 scrolls of teleportation
 Q - 5 scrolls of remove curse
 R - a scroll of recharging
Potions
 d - 2 potions of blood
 o - a potion of heal wounds
 q - 2 potions of might
 w - 3 potions of flight
 x - 6 potions of curing
 B - a potion of cure mutation
 D - a potion of ambrosia
 E - 3 potions of haste
 F - 3 potions of brilliance
 H - 4 potions of lignification
 I - a potion of resistance
 S - 2 potions of berserk rage
 T - a potion of invisibility
 Z - a potion of magic
Books
 a - a book of Burglary

   Spells                             Type                      Level
   a - Swiftness                      Charms/Air                   2
   b - Passwall                       Transmutation/Earth          2
   c - Passage of Golubria            Translocation                4
   d - Lee's Rapid Deconstruction     Earth                        5
   e - Darkness                       Hexes                        6
   f - Invisibility                   Hexes                        6
 G - a book of Battle

   Spells                             Type                      Level
   a - Infusion                       Charms                       1
   b - Shroud of Golubria             Charms/Translocation         2
   c - Song of Slaying                Charms                       2
   d - Spectral Weapon                Hexes/Charms                 3
   e - Regeneration                   Charms/Necromancy            3
 J - a book of Debilitation

   Spells                             Type                      Level
   a - Corona                         Hexes                        1
   b - Slow                           Hexes                        2
   c - Gell's Gravitas                Hexes/Translocation          3
   d - Inner Flame                    Hexes/Fire                   3
   e - Cause Fear                     Hexes                        4
   f - Leda's Liquefaction            Hexes/Earth                  4
 W - an Akashic Record

   Spells                             Type                      Level
   a - Dispersal                      Translocation                6
   b - Malign Gateway                 Summoning/Translocation      7
   c - Disjunction                    Translocation                8
   d - Controlled Blink               Translocation                8
Miscellaneous
 f - a plain deck of summoning {the Elements}
 i - a legendary deck of escape {the Banshee}


   Skills:
 + Level 6.3 Short Blades
 + Level 10.2 Dodging
 * Level 25.1 Stealth
 + Level 6.5 Shields
 + Level 10.3 Spellcasting
 + Level 14.3 Hexes
 + Level 1.9 Charms
 - Level 0.2 Ice Magic


You had 2 spell levels left.
You knew the following spells:

 Your Spells              Type           Power        Failure   Level  Hunger
a - Invisibility          Hex            ######..     3%          6    ######.
b - Tukima's Dance        Hex            ######..     1%          3    None
c - Confuse               Hex            ######..     1%          3    None
d - Dazzling Spray        Conj/Hex       #####...     1%          3    None
e - Spectral Weapon       Hex/Chrm       #####...     1%          3    None
f - Shroud of Golubria    Chrm/Tloc      ##........   10%         2    None
g - Regeneration          Chrm/Necr      ##........   14%         3    None
h - Cause Fear            Hex            ######....   1%          4    ##.....
i - Metabolic Englaciati  Hex/Ice        #####.....   12%         5    #####..


Dungeon Overview and Level Annotations

Branches:
Dungeon (11/15)            Temple (1/1) D:6            Lair (8/8) D:11
 Shoals (0/4) Lair:5        Snake (0/4) Lair:4        Slime (2/6) Lair:7
    Orc (2/2) D:9             Elf (1/3) Orc:2

Altars:
Ashenzari
Cheibriados
Dithmenos
Elyvilon
Fedhas
Gozag
Kikubaaqudgha
Makhleb
Nemelex Xobeh
Okawaru
Pakellas
Qazlal
Ru
Sif Muna
Trog
Vehumet
Xom
Yredelemnul
Zin
The Shining One
Jiyva

Shops:
Orc:1 (   Orc:2 *%}}*


Innate Abilities, Weirdness & Mutations

Your natural rate of healing is unusually fast.
You have razor-sharp teeth.
You have supernaturally acute eyesight.
You can survive without breathing.
You have large cloven feet.
You have a somewhat thin skeletal structure (Dex +2, Stealth).
Your skin changes colour to match your surroundings (Stealth).
You are very agile. (Dex +4)
You possess an exceptional clarity of mind.
Your body often deteriorates upon taking damage.
Your muscles are strong. (Str +2)
You evolve.


Message History

* * * LOW HITPOINT WARNING * * *
The azure jelly freezes you!! You resist.
* * * LOW HITPOINT WARNING * * *
Your body deteriorates!
You feel clumsy. The azure jelly closely misses you.
You block the azure jelly's attack.
The azure jelly hits you but does no damage.
You climb downwards.
There is a stone staircase leading up here.
Casting: Invisibility
Confirm with . or Enter, or press ? or * to list all spells.
Aiming: Confuse
Press: ? - help, Shift-Dir - straight line, f - azure jelly
Aim: an azure jelly (lightly wounded, poisoned, umbra, chance to defeat MR: 26%)
The azure jelly easily resists.
Your shadow mimicks your spell!
The azure jelly resists with almost no effort.
The azure jelly hits you.
* * * LOW HITPOINT WARNING * * *
The azure jelly freezes you! You resist.
You die...

###########*###
##..#.#.#..##..##
#...............#
#..............##
#..@..........##
##..J>.....#..##
#.............#
##......#.....##
#......#.#..###
#............##
#.............#
#..........#.##
##........#.###**#


You could see an azure jelly.

Vanquished Creatures
  2 azure jellies (Slime:1)
  Maud (Lair:5)
  An orc warlord (Orc:2)
  Snorg (Lair:8)
  A great orb of eyes (Slime:2)
  8 hydras
  A catoblepas (Lair:5)
  3 orc high priests (Orc:2)
  Sonja (D:10)
  12 spriggans (Lair:8)
  The ghost of Krapule the Nimble, a novice MfIE (D:7)
  3 orc knights
  3 shining eyes
  4 orc sorcerers
  A centaur zombie (D:8)
  2 black mambas
  15 elephants
  A gargoyle (D:11)
  13 spiny frogs
  An eye of devastation (Slime:2)
  5 centaur skeletons
  A kobold demonologist (D:9)
  6 komodo dragons
  3 rime drakes
  A spriggan druid (Lair:8)
  3 trolls
  2 two-headed ogres
  15 blink frogs
  11 polar bears
  23 slime creatures (Slime:1)
  A snapping turtle (Lair:5)
  12 redbacks (Lair:8)
  35 yaks
  A wraith (D:11)
  A wyvern (D:10)
  The ghost of Aquadorian the Shield-Bearer, an amateur MiFi (D:3)
  4 basilisks
  6 hippogriffs
  2 dancing weapons
  3 hungry ghosts
  A warg (Orc:2)
  4 nagas (Lair:4)
  A swamp worm (shapeshifter) (Orc:2)
  16 water moccasins
  6 porcupines
  3 ice beasts
  A sky beast (D:5)
  Purgy (Sewer)
  19 orc warriors
  5 wasps
  9 black bears
  3 eyes of draining
  3 necrophages
  2 phantoms
  11 ogres
  6 centaurs
  15 wolves (Lair:8)
  16 crocodiles
  21 giant frogs
  3 big kobolds (D:10)
  A gnoll sergeant (D:9)
  6 scorpions
  7 killer bees
  2 electric eels
  3 spriggan skeletons (D:11)
  4 wights
  3 howler monkeys (D:6)
  A crimson imp (D:11)
  11 jellies
  2 quasits
  5 hounds
  13 orc priests
  2 giant frog skeletons
  21 orc wizards
  A gnoll shaman (D:7)
  8 iguanas
  Terence (D:3)
  3 worker ants
  5 sheep (Lair:1)
  2 hound skeletons (D:6)
  2 hound zombies
  A howler monkey zombie (D:8)
  A worker ant zombie (D:9)
  17 gnolls
  16 adders
  52 river rats
  3 shadow imps
  An ooze (D:4)
  An adder skeleton (D:5)
  2 dart slugs
  5 giant geckos
  55 orcs
  12 bats
  6 giant cockroaches
  8 hobgoblins
  16 jackals
  22 kobolds
  3 quokkas
  3 ball pythons
  6 giant newts
  2 gnoll zombies (D:2)
  9 goblins
  A jackal zombie (D:8)
  A quokka skeleton (D:6)
  28 rats
  A plant (Lair:8)
732 creatures vanquished.

Vanquished Creatures (collateral kills)
  An orc high priest (Orc:2)
  2 orc knights (Orc:2)
  An orc sorcerer (Orc:2)
  A two-headed ogre (D:8)
  6 orc warriors
  An ogre (Orc:2)
  2 orc priests (Orc:2)
  3 orc wizards (Orc:2)
  4 gnolls
  8 orcs
29 creatures vanquished.

Vanquished Creatures (others)
  An orc sorcerer (Orc:2)
  12 dancing weapons
  9 fungi
  2 plants
  3 spectral weapons
27 creatures vanquished.

Grand Total: 788 creatures vanquished

Notes
Turn   | Place    | Note
--------------------------------------------------------------
     0 | D:1      | matakusis the Vampire Enchanter began the quest for the Orb.
     0 | D:1      | Reached XP level 1. HP: 13/13 MP: 3/3
   414 | D:1      | Reached XP level 2. HP: 19/19 MP: 5/5
  1026 | D:1      | Reached skill level 5 in Stealth
  1310 | D:2      | Reached XP level 3. HP: 24/24 MP: 6/6
  1816 | D:2      | Learned a level 3 spell: Tukima's Dance
  1820 | D:2      | Learned a level 3 spell: Confuse
  1888 | D:2      | Reached skill level 5 in Hexes
  1919 | D:2      | HP: 1/24 [rat (3)]
  1997 | D:2      | HP: 1/24 [quokka (3)]
  2317 | D:2      | Reached XP level 4. HP: 30/30 MP: 3/7
  2765 | D:2      | Found a basalt altar of Yredelemnul.
  3034 | D:3      | Noticed Aquadorian's ghost (amateur MiFi)
  3041 | D:3      | Reached skill level 6 in Stealth
  3093 | D:3      | HP: 1/30 [orc/hand axe (1)]
  3927 | D:3      | Killed Aquadorian's ghost
  3927 | D:3      | Reached skill level 7 in Stealth
  3927 | D:3      | Reached XP level 5. HP: 18/35 MP: 1/9
  3927 | D:3      | Reached XP level 6. HP: 21/41 MP: 1/10
  4073 | D:3      | Noticed Terence
  4087 | D:3      | Killed Terence
  4220 | D:3      | Reached skill level 1 in Shields
  4410 | D:3      | Gained mutation: Your muscles are strong. (Str +2) [potion of beneficial mutation]
  4495 | D:4      | Found an oddly glowing altar of Pakellas.
  4556 | D:4      | Got an iridescent dagger
  4557 | D:4      | Identified the +6 dagger "Ebroly" {venom, *Rage rElec rF+ Str+4} (You found it on level 4 of the Dungeon)
  4574 | D:4      | Reached skill level 8 in Stealth
  4578 | D:4      | Found a stormy altar of Qazlal.
  4953 | D:4      | Gained mutation: You occasionally shout uncontrollably at your foes. [potion of mutation]
  4953 | D:4      | Gained mutation: Your muscles are very strong. (Str +4) [potion of mutation]
  4953 | D:4      | Gained mutation: You evolve. [potion of mutation]
  4956 | D:5      | Entered Level 5 of the Dungeon
  5029 | D:5      | Found a glowing drain.
  5053 | Sewer    | Entered a sewer
  5123 | Sewer    | Noticed Purgy
  5139 | Sewer    | Killed Purgy
  5139 | Sewer    | Reached XP level 7. HP: 45/46 MP: 9/12
  6118 | D:5      | Lost mutation: You occasionally shout uncontrollably at your foes. [evolution]
  6373 | D:6      | Reached skill level 9 in Stealth
  6556 | D:6      | Learned a level 3 spell: Dazzling Spray
  6622 | D:6      | Found a staircase to the Ecumenical Temple.
  6630 | Temple   | Entered the Ecumenical Temple
  6800 | Temple   | Became a worshipper of Dithmenos the Shadowed
  6868 | D:6      | Reached skill level 10 in Stealth
  6868 | D:6      | Reached XP level 8. HP: 52/52 MP: 13/13
  6920 | D:6      | Reached skill level 11 in Stealth
  7169 | D:6      | Gained mutation: You have large cloven feet. [evolution]
  7302 | D:6      | Got a bloodstained helmet
  7311 | D:6      | Identified the +1 helmet of Resilience {MR+ Str-3 Int+3 Dex+6} (You found it on level 6 of the Dungeon)
  7418 | D:6      | Found a burning altar of Makhleb.
  7740 | D:6      | Reached skill level 5 in Dodging
  7753 | D:6      | Reached * piety under Dithmenos
  7843 | D:6      | Found a shimmering altar of Xom.
  7843 | D:6      | Found a white marble altar of Elyvilon.
  8414 | D:7      | Noticed Krapule's ghost (novice MfIE)
  8435 | D:7      | Killed Krapule's ghost
  8435 | D:7      | Reached skill level 12 in Stealth
  8435 | D:7      | Reached XP level 9. HP: 55/57 MP: 11/15
  8586 | D:7      | Found a bloodstained altar of Trog.
  8929 | D:7      | Gained mutation: You have a somewhat thin skeletal structure (Dex +2, Stealth). [potion of mutation]
  8929 | D:7      | Gained mutation: Your body sometimes deteriorates upon taking damage. [potion of mutation]
  8930 | D:7      | Lost mutation: Your muscles are very strong. (Str +4) [potion of mutation]
  8930 | D:7      | Gained mutation: You possess an exceptional clarity of mind. [potion of mutation]
  9110 | D:8      | Found an opulent altar of Gozag.
  9210 | D:8      | Got a brightly glowing long sword
  9211 | D:8      | Identified the cursed +1 long sword "Tuboath" {slice, rF- Int+7} (You found it on level 8 of the Dungeon)
  9440 | D:8      | Got an ominously black robe
  9451 | D:8      | Identified the cursed +1 robe of Noon {+Blink rF+} (You found it on level 8 of the Dungeon)
  9476 | D:8      | Reached skill level 13 in Stealth
  9499 | D:8      | Reached skill level 5 in Spellcasting
  9525 | D:8      | Reached skill level 14 in Stealth
  9712 | D:8      | Found a glowing golden altar of the Shining One.
  9720 | D:8      | Found an ancient bone altar of Kikubaaqudgha.
  9722 | D:8      | Found a blossoming altar of Fedhas.
  9794 | D:8      | Reached ** piety under Dithmenos
 10271 | D:9      | Noticed a kobold demonologist
 10278 | D:9      | Killed a kobold demonologist
 10278 | D:9      | Reached XP level 10. HP: 63/63 MP: 16/18
 10366 | D:9      | Learned a level 3 spell: Spectral Weapon
 10369 | D:9      | Learned a level 2 spell: Shroud of Golubria
 10373 | D:9      | Learned a level 3 spell: Regeneration
 10538 | D:9      | Found a staircase to the Orcish Mines.
 10570 | D:9      | Reached skill level 15 in Stealth
 10931 | Orc:1    | Entered Level 1 of the Orcish Mines
 10969 | Orc:1    | Found Hoss's Antique Weapon Boutique.
 11121 | Orc:2    | Entered Level 2 of the Orcish Mines
 11121 | Orc:2    | Found a staircase to the Elven Halls.
 11139 | Orc:2    | Found Ubbir's Assorted Antiques.
 11162 | Orc:2    | Reached *** piety under Dithmenos
 11186 | Orc:2    | Bought a scroll of enchant weapon for 247 gold pieces
 11186 | Orc:2    | Bought a sedimented yellow potion for 29 gold pieces
 11186 | Orc:2    | Bought a puce potion for 29 gold pieces
 11186 | Orc:2    | Bought a leatherbound book for 495 gold pieces
 11199 | Orc:2    | Noticed an orc knight
 11231 | Orc:2    | Noticed an orc sorcerer
 11231 | Orc:2    | Noticed an orc knight
 11231 | Orc:2    | Noticed an orc high priest
 11231 | Orc:2    | Noticed an orc high priest
 11231 | Orc:2    | Noticed an orc knight
 11231 | Orc:2    | Noticed an orc sorcerer
 11232 | Orc:2    | Reached skill level 5 in Shields
 11569 | Orc:2    | Gained mutation: Your body often deteriorates upon taking damage. [evolution]
 11598 | Orc:2    | Killed an orc knight
 11849 | Orc:2    | Killed an orc high priest
 11892 | Orc:2    | Killed an orc sorcerer
 11892 | Orc:2    | Reached skill level 16 in Stealth
 11892 | Orc:2    | Reached XP level 11. HP: 68/68 MP: 0/20
 11935 | Orc:2    | Reached skill level 10 in Hexes
 12057 | Orc:2    | Noticed an orc high priest
 12057 | Orc:2    | Noticed an orc knight
 12081 | Orc:2    | Killed an orc knight
 12186 | Orc:2    | Noticed an orc warlord
 12481 | Orc:2    | Noticed an orc sorcerer
 12481 | Orc:2    | Noticed a soul eater
 12481 | Orc:2    | Killed an orc high priest
 12482 | Orc:2    | Killed an orc sorcerer
 12790 | Orc:2    | Reached **** piety under Dithmenos
 12909 | Orc:2    | Killed an orc knight
 13313 | Orc:2    | Noticed a soul eater
 13313 | Orc:2    | Noticed a soul eater
 13334 | Orc:2    | Killed an orc sorcerer
 13575 | Orc:2    | Killed an orc knight
 13623 | Orc:2    | Killed an orc high priest
 13634 | Orc:2    | Noticed an orc sorcerer
 13636 | Orc:2    | Noticed an orc sorcerer
 13652 | Orc:2    | Noticed an orc high priest
 13653 | Orc:2    | Noticed a sun demon
 13707 | Orc:2    | Gained mutation: You are agile. (Dex +2) [evolution]
 13762 | Orc:2    | Found Iqoem's Food Emporium.
 13762 | Orc:2    | Found Wuogi's General Store.
 13764 | Orc:2    | Found Iggahycw's Gadget Emporium.
 13764 | Orc:2    | Found Wussuf's Gadget Shop.
 13773 | Orc:2    | Bought a legendary deck of escape for 364 gold pieces
 14191 | Orc:2    | Killed an orc sorcerer
 14213 | Orc:2    | Killed an orc warlord
 14213 | Orc:2    | Reached skill level 17 in Stealth
 14407 | Orc:1    | You fall through a shaft!
 14577 | Orc:1    | Noticed an orc sorcerer
 14582 | Orc:1    | Killed an orc sorcerer
 14594 | Orc:1    | Noticed an orc knight
 14613 | Orc:1    | Killed an orc knight
 14889 | Orc:2    | Noticed a sun demon
 15114 | Orc:2    | Killed an orc sorcerer
 15127 | Orc:2    | Killed an orc high priest
 15127 | Orc:2    | Reached XP level 12. HP: 74/74 MP: 8/24
 15137 | Orc:2    | Bought a +1 pair of gloves of dexterity for 231 gold pieces
 15253 | Elf:1    | Entered Level 1 of the Elven Halls
 15254 | Elf:1    | Noticed an anaconda
 15254 | Elf:1    | a wolf spider changed into an anaconda
 15261 | Orc:2    | an anaconda changed into a swamp worm
 15268 | Orc:2    | Reached ***** piety under Dithmenos
 15378 | D:10     | Entered Level 10 of the Dungeon
 15553 | D:10     | Got a smoking short sword
 15554 | D:10     | Identified the cursed +1 short sword of Negheqix {pierce, *Drain Str+2 Dex+6} (You found it on level 10 of the Dungeon)
 15762 | D:10     | Reached skill level 18 in Stealth
 16112 | D:10     | Noticed Sonja
 16115 | D:10     | Killed Sonja
 16529 | D:11     | Got a scorched ivory ring
 16532 | D:11     | Identified the ring "Bolul" {rC+ rN+ Dex+5} (You found it on level 11 of the Dungeon)
 16932 | D:11     | Found a staircase to the Lair.
 17063 | D:11     | Noticed a four-headed hydra
 17082 | D:11     | Killed a four-headed hydra
 17082 | D:11     | Reached skill level 19 in Stealth
 17300 | D:11     | Reached skill level 5 in Short Blades
 17606 | Lair:1   | Entered Level 1 of the Lair of Beasts
 18038 | Lair:1   | Learned a level 4 spell: Cause Fear
 18044 | Lair:1   | Learned a level 5 spell: Metabolic Englaciation
 18277 | Lair:1   | Reached skill level 20 in Stealth
 18848 | Lair:2   | Gained mutation: Your skin changes colour to match your surroundings (Stealth). [evolution]
 18915 | Lair:2   | Reached skill level 1 in Charms
 19365 | Lair:4   | Reached XP level 13. HP: 36/79 MP: 4/25
 20347 | Lair:3   | Reached ****** piety under Dithmenos
 20759 | Lair:4   | Found a staircase to the Snake Pit.
 20768 | Lair:4   | Reached skill level 21 in Stealth
 21648 | Lair:5   | Noticed Maud
 21649 | Lair:5   | Killed Maud
 21919 | Lair:5   | Reached skill level 22 in Stealth
 22228 | Lair:5   | Found a staircase to the Shoals.
 23932 | Lair:7   | Reached XP level 14. HP: 85/85 MP: 27/27
 23952 | Lair:7   | Reached skill level 23 in Stealth
 24208 | Lair:7   | Found a viscous altar of Jiyva.
 24209 | Lair:7   | Found a staircase to the Slime Pits.
 24598 | Lair:8   | Entered Level 8 of the Lair of Beasts
 24603 | Lair:8   | Noticed Snorg
 24609 | Lair:8   | Killed Snorg
 24777 | Lair:8   | Gained mutation: You are very agile. (Dex +4) [evolution]
 25093 | Lair:8   | Reached skill level 10 in Dodging
 25109 | Lair:8   | Reached skill level 24 in Stealth
 25493 | Lair:8   | Identified a scroll of acquirement
 25629 | Lair:8   | Learned a level 6 spell: Invisibility
 25669 | Lair:8   | Reached skill level 10 in Spellcasting
 26110 | Slime:1  | Entered Level 1 of the Pits of Slime
 27142 | Slime:1  | Noticed an azure jelly
 27149 | Slime:1  | Killed an azure jelly
 27149 | Slime:1  | Reached skill level 25 in Stealth
 27174 | Slime:1  | HP: 1/85 [acid (6)]
 27602 | Slime:1  | Noticed an azure jelly
 27603 | Slime:1  | Killed an azure jelly
 27606 | Slime:1  | Reached XP level 15. HP: 90/90 MP: 29/29
 27664 | Slime:1  | Noticed an azure jelly
 27693 | Slime:2  | HP: 3/90 [azure jelly (5)]
 27693 | Slime:2  | Demolished by an azure jelly

Skill      XL: |  1  2  3  4  5  6  7  8  9 10 11 12 13 14 |
---------------+-------------------------------------------+-----
Stealth        | 5 7 8 10 12 14 16 17 20 22 25 | 25.1
Hexes          | 5 6 7 8 9 11 12 13 14 | 14.3
Dodging        | 3 4 5 6 7 8 9 10 | 10.2
Spellcasting   | 3 4 5 6 8 9 10 | 10.3
Shields        | 1 2 3 4 5 6 |  6.5
Short Blades   | 2 3 4 5 6 |  6.3
Charms         | 1 |  1.9
Ice Magic      | |  0.2

Action                   |  1- 3 |  4- 6 |  7- 9 | 10-12 | 13-15 || total
-------------------------+-------+-------+-------+-------+-------++-------
Melee: Dagger            |   173 |    45 |   221 |   385 |   769 ||  1593
       Bite              |    10 |    12 |    31 |   118 |   145 ||   316
       Short sword       |       |   123 |       |   357 |       ||   480
       Kick              |       |       |    41 |   337 |    44 ||   422
 Cast: Corona            |    19 |       |       |       |       ||    19
       Confuse           |     1 |    21 |    28 |   112 |   103 ||   265
       Tukima's Dance    |       |     6 |    14 |    56 |       ||    76
       Spectral Weapon   |       |       |       |     6 |    12 ||    18
       Shroud of Golubri |       |       |       |     4 |     3 ||     7
       Cause Fear        |       |       |       |     1 |     3 ||     4
       Metabolic Englaci |       |       |       |     1 |       ||     1
       Dazzling Spray    |       |       |       |     1 |       ||     1
       Invisibility      |       |       |       |       |     1 ||     1
 Abil: End Transformatio |       |       |     1 |       |     1 ||     2
       Bat Form          |       |       |     1 |       |     1 ||     2
       Evoke Blink       |       |       |       |       |     1 ||     1
Evoke: Wand              |       |       |       |     1 |       ||     1
  Use: Potion            |     1 |    23 |    20 |    33 |    37 ||   114
       Scroll            |       |    10 |     4 |    22 |     9 ||    45
 Stab: Sleeping          |     8 |     8 |    36 |    97 |   120 ||   269
       Confused          |     1 |     9 |     8 |    44 |    72 ||   134
       Distracted        |       |       |     2 |     4 |     9 ||    15
       Fleeing           |       |       |       |       |     1 ||     1
  Eat: Corpse            |     1 |       |     3 |     2 |       ||     6
Armor: Robe              |    59 |    19 |    21 |    47 |    62 ||   208
Dodge: Dodged            |   140 |    97 |   116 |   398 |   468 ||  1219
Block: Buckler           |    18 |    27 |    62 |   248 |   277 ||   632
